 Dungeon Crawl Stone Soup version 0.25-a0-578-gc91f01c39c (webtiles) character file.

Game seed: 15511159305191823655, levelgen mode: classic

34153 EnegeticOcto the Champion of Chaos (level 13, -4/127 HPs)
             Began as a Deep Dwarf Fighter on Mar 3, 2020.
             Was the Champion of Makhleb.
             Slain by a white ugly thing (26 damage)
             ... on level 14 of the Dungeon.
             The game lasted 00:09:57 (10851 turns).

EnegeticOcto the Champion of Chaos (DDFi)          Turns: 10851, Time: 00:09:58

Health: -4/127     AC: 20    Str: 26    XL:     13   Next: 40%
Magic:  11/11      EV:  7    Int:  8    God:    Makhleb [******]
Gold:   952        SH: 13    Dex: 18    Spells: 12/12 levels left

rFire    . . .     SeeInvis .   A - +2 war axe (flame)
rCold    . . .     Gourm    .   c - +0 kite shield
rNeg     . . .     Faith    .   h - +0 chain mail
rPois    +         Spirit   .   o - +1 helmet
rElec    .         Reflect  .   g - +0 cloak
rCorr    .         Harm     .   (no gloves)
MR       .....                  (no boots)
Stlth    ..........             (no amulet)
HPRegen  0.00/turn              D - ring of the Eight Places {+Fly MR- AC+5 Dex+6}
MPRegen  0.12/turn              C - ring of poison resistance

@: non-regenerating
A: damage resistance, heal wounds, sense surroundings 2, no regeneration
a: Heal Wounds, Minor Destruction, Lesser Servant of Makhleb, Major Destruction,
Greater Servant of Makhleb, Renounce Religion, Evoke Flight


You were on level 14 of the Dungeon.
You worshipped Makhleb.
Makhleb was exalted by your worship.
You were not hungry.

You visited 2 branches of the dungeon, and saw 16 of its levels.
You also visited: Ossuary.

You collected 952 gold pieces.

Inventory:

Hand Weapons
 A - a +2 war axe of flaming (weapon)
 K - a +1 dagger of distortion
Missiles
 p - 5 throwing nets (quivered)
Armour
 c - a +0 kite shield (worn)
 g - a +0 cloak (worn)
 h - a +0 chain mail (worn)
 o - a +1 helmet (worn)
Jewellery
 r - a +3 ring of protection
 C - a ring of poison resistance (right hand)
 D - the ring of the Eight Places (left hand) {+Fly MR- AC+5 Dex+6}
   (You found it on level 13 of the Dungeon)

   [ring of protection]

   It affects your AC (+5).
   It affects your dexterity (+6).
   It affects your resistance to hostile enchantments.
   It lets you fly.
Wands
 f - a wand of acid (7) {@v1}
 w - a wand of iceblast (7)
 y - a wand of paralysis (12)
 M - a wand of flame (38)
Scrolls
 a - a scroll of fog
 q - 9 scrolls of remove curse {@r6}
 t - a scroll of enchant armour
 u - 7 scrolls of teleportation {@r2}
 v - 2 scrolls of enchant weapon
 x - 4 scrolls of immolation {@r4}
 I - 2 scrolls of fear
 L - 2 scrolls of identify {@r1}
 N - 2 scrolls of magic mapping {@r5}
Potions
 i - 2 potions of berserk rage
 j - 2 potions of stabbing {@q5}
 k - 2 potions of might {@q3}
 l - 8 potions of lignification {@q7}
 m - 4 potions of resistance {@q6}
 n - a potion of haste {@q4}
 s - 3 potions of heal wounds {@q2}
 z - 2 potions of mutation
 B - 2 potions of invisibility
 F - 2 potions of cancellation
 G - 2 potions of magic
 J - 9 potions of curing {@q1}
Miscellaneous
 d - a lamp of fire
Comestibles
 e - 29 rations


   Skills:
 * Level 11.1 Fighting
 * Level 12.6 Axes
 + Level 9.5 Armour
 + Level 9.7 Shields
 * Level 14.5 Invocations


You had 12 spell levels left.
You didn't know any spells.
Your spell library was empty.

Dungeon Overview and Level Annotations

Branches:
Dungeon (14/15)            Temple (0/1) D:7            Lair (2/6) D:9
  Swamp (0/4) Lair:2        Snake (0/4) Lair:2          Orc (0/2) D:12
Ossuary (visited)
 Vaults: D:13-14

Altars:
Cheibriados
Dithmenos
Makhleb
Nemelex Xobeh
Sif Muna
Yredelemnul
The Shining One

Shops:
D:4 !   D:8 :

Portals:
Trove: D:14 (give 12 potions of heal wounds)

Annotations:
D:5 1 runed translucent door, XanderDroid's ghost, novice MiBe
D:9 2 runed translucent doors, exclusion: door


Innate Abilities, Weirdness & Mutations

You are resistant to damage.
You can heal yourself by infusing magical energy.
You passively map the area around you.
You do not regenerate.


Message History

There is an open door here.
An efreet is nearby!
An efreet is nearby!
An efreet is nearby!
You block the efreet's attack.
You slash the efreet!
The efreet is moderately wounded.
The efreet gestures at you. The bolt of fire hits you.
You hit the efreet.
The efreet is moderately wounded.
Your shield and chain mail prevent you from hitting the efreet.
The efreet is moderately wounded.
The efreet hits you with a +3 scimitar of flaming.
The efreet burns you.
You hit the efreet.
The efreet is heavily wounded.
You block the efreet's attack.
You barely miss the efreet.
The efreet is heavily wounded.
The efreet hits you but does no damage.
You hit the efreet but do no damage.
The efreet is heavily wounded.
You hit the efreet.
The efreet is heavily wounded.
The efreet hits you with a +3 scimitar of flaming.
The efreet burns you.
You completely miss the efreet.
The efreet is heavily wounded.
You block the efreet's attack.
You hit the efreet.
The efreet is severely wounded.
The efreet gestures at you. The bolt of fire hits you!
You hit the efreet.
The efreet is severely wounded.
The efreet hits you with a +3 scimitar of flaming!
The efreet burns you.
You slash the efreet!
The efreet is almost dead.
You hit the efreet.
You kill the efreet!
Makhleb accepts your kill.
You feel better.
Found 23 stones.
As you open the door, it creaks loudly!
There is an open door here.
A white ugly thing comes into view.
The white ugly thing gurgles horribly!
The white ugly thing moves out of view.
A white ugly thing comes into view.
A white ugly thing is nearby! 3 ugly things come into view.
The white ugly thing gurgles horribly! x2
The white ugly thing moves out of view.
A wraith comes into view.
The white ugly thing bites you but does no damage.
The white ugly thing kicks you! The white ugly thing freezes you!!
You closely miss the white ugly thing. x2
You block the white ugly thing's attack.
The white ugly thing kicks you but does no damage.
You closely miss the white ugly thing.
You hit the white ugly thing but do no damage.
The white ugly thing bites you. The white ugly thing freezes you!!
The white ugly thing kicks you but does no damage.
You hit the white ugly thing. You burn the white ugly thing.
The white ugly thing is lightly wounded.
You hit the white ugly thing. You burn the white ugly thing.
You hit the white ugly thing. You burn the white ugly thing.
You block the white ugly thing's attack.
The white ugly thing closely misses you.
You block the white ugly thing's attack.
You hit the white ugly thing. You burn the white ugly thing.
The white ugly thing is lightly wounded.
You hit the white ugly thing but do no damage.
You hit the white ugly thing. You burn the white ugly thing.
You hit the white ugly thing but do no damage.
The white ugly thing trunk-slaps you but does no damage.
You block the white ugly thing's attack.
The white ugly thing trunk-slaps you. The white ugly thing freezes you!!
* * * LOW HITPOINT WARNING * * *
The white ugly thing closely misses you.
You are too injured to fight recklessly!
You are too injured to fight recklessly!
You are too injured to fight recklessly!
You are too injured to fight recklessly!
You are too injured to fight recklessly!
You are too injured to fight recklessly!
You are too injured to fight recklessly!
You are too injured to fight recklessly!
You are too injured to fight recklessly!
You are too injured to fight recklessly!
You are too injured to fight recklessly!
You are too injured to fight recklessly!
You feel much better.
You block the white ugly thing's attack.
The white ugly thing trunk-slaps you! The white ugly thing freezes you!!
* * * LOW HITPOINT WARNING * * *
The white ugly thing bites you. The white ugly thing freezes you!!
You die...

* ,#### ,#.......#
###### * *
#.......#######.....
, ,
#.......##....'..#..
,
#.......##....#..#..
, ,
#...^.........#..#.)
* *
#.............#..#..
, ,,
#.....%.......#..#..
* * ,
#.u...........#..#..
,
,#Wu@....###+###(.#..
, #.uuu...# ...#.. ,
** ...............,,
,,#.. ,
.....##.....#.... +<.
, ..... .#....#.### ,
#.. , ,
....,...#..#..#
*,,,#..
##.,....###...# *,
#.. ......# * ...# #
,#.. , , , * *
#...#..


You could see 5 ugly things and a wraith.

Vanquished Creatures
  Nessos (D:14)
  An ettin (D:13)
  Erolcha (D:11)
  Harold (D:9)
  4 hydras
  2 tengu warriors (D:13)
  2 two-headed ogres
  Sonja (D:11)
  6 unseen horrors
  A necromancer (D:13)
  An ugly thing (D:11)
  2 manticores
  2 cyclopes
  Psyche (D:8)
  A freezing wraith (D:13)
  3 komodo dragons
  An efreet (D:14)
  5 trolls
  5 hippogriffs
  4 hornets
  A tyrant leech (Lair:2)
  Sigmund (D:2)
  A wraith (D:11)
  A spriggan (D:7)
  A basilisk (D:14)
  4 wyverns
  22 yaks
  2 hungry ghosts
  7 vampire mosquitoes (D:14)
  A steam dragon (D:10)
  3 nagas (Lair:2)
  2 acid dragons (D:11)
  3 swamp worms (Lair:2)
  An orc warrior (D:7)
  A water moccasin (Lair:1)
  2 porcupines (Lair:2)
  3 sky beasts
  An eye of draining (D:11)
  4 ice beasts
  8 ogres
  A black bear (D:7)
  3 phantoms
  2 wolves (D:9)
  4 centaurs
  4 crocodiles
  4 big kobolds
  11 bullfrogs
  A gnoll sergeant (D:10)
  A wyvern zombie (D:9)
  5 scorpions
  17 killer bees
  7 wights
  3 electric eels (D:9)
  7 howler monkeys
  3 centaur zombies
  5 crimson imps
  10 hounds
  3 bullfrog zombies
  2 centaur skeletons
  A quasit (D:14)
  6 orc priests
  A bullfrog skeleton (D:10)
  4 iguanas
  3 jellies
  7 orc wizards
  Crazy Yiuf (D:2)
  10 worker ants
  6 ogre zombies (D:12)
  A hound zombie (D:10)
  A hound skeleton (D:11)
  4 mummies (Ossuary)
  10 gnolls
  16 adders
  4 shadow imps
  2 oozes
  2 adder skeletons
  2 adder zombies (D:7)
  3 worms
  3 dart slugs
  4 leopard geckos
  19 orcs
  4 ball pythons
  5 giant cockroaches
  8 goblins
  10 hobgoblins
  4 jackals (D:7)
  2 quokkas
  3 bats
  4 frilled lizards
  2 goblin skeletons (D:12)
  3 hobgoblin skeletons (D:12)
  6 hobgoblin zombies
  25 kobolds
  A leopard gecko zombie (D:5)
  An orc skeleton (D:12)
  11 orc zombies (D:12)
  11 rats
  3 fungi (Lair:2)
  A plant (Lair:2)
421 creatures vanquished.

Vanquished Creatures (collateral kills)
  An ugly thing (D:12)
  A troll (D:12)
  A bullfrog (D:12)
3 creatures vanquished.

Vanquished Creatures (others)
  An orc (D:9)
  2 plants (Lair:2)
3 creatures vanquished.

Grand Total: 427 creatures vanquished

Notes
Turn   | Place    | Note
-------+----------+-------------------------------------------
     0 | D:1      | EnegeticOcto the Deep Dwarf Fighter began the quest for the
                  | Orb.
     0 | D:1      | Reached XP level 1. HP: 20/20 MP: 1/1
   134 | D:2      | Found a runed translucent door.
   135 | D:2      | Noticed Crazy Yiuf
   151 | D:2      | Found a burning altar of Makhleb.
   180 | D:2      | Became a worshipper of Makhleb the Destroyer
   197 | D:2      | Reached XP level 2. HP: 21/27 MP: 2/2
   235 | D:2      | Reached skill level 1 in Invocations
   237 | D:2      | Reached XP level 3. HP: 22/34 MP: 3/3
   286 | D:2      | Reached XP level 4. HP: 23/42 MP: 4/4
   344 | D:2      | Reached skill level 2 in Invocations
   483 | D:2      | Reached * piety under Makhleb
   581 | D:2      | Reached XP level 5. HP: 31/49 MP: 5/5
   875 | D:2      | Noticed Sigmund
   893 | D:2      | Killed Sigmund
   893 | D:2      | Reached skill level 3 in Invocations
   893 | D:2      | Reached XP level 6. HP: 44/57 MP: 7/7
   945 | D:2      | Killed Crazy Yiuf
  1014 | D:3      | Found a faded altar of an unknown god.
  1315 | D:3      | Reached skill level 4 in Invocations
  1404 | D:4      | Found Uvveur's Distillery.
  1502 | D:4      | Reached XP level 7. HP: 66/66 MP: 8/8
  1671 | D:4      | Reached skill level 5 in Invocations
  1680 | D:4      | Got a steaming jade ring
  1717 | D:4      | Found a shadowy altar of Dithmenos.
  1718 | D:4      | Identified the ring "Wobab" {MR+ MP+9 Dex+3} (You found it
                  | on level 4 of the Dungeon)
  1725 | D:4      | Found a glowing golden altar of the Shining One.
  1760 | D:4      | Found a basalt altar of Yredelemnul.
  1791 | D:4      | Reached ** piety under Makhleb
  1818 | D:4      | Reached skill level 5 in Axes
  2006 | D:5      | Entered Level 5 of the Dungeon
  2094 | D:5      | Found a runed translucent door.
  2127 | D:5      | Noticed XanderDroid's ghost (novice MiBe)
  2385 | D:5      | Reached skill level 5 in Fighting
  2385 | D:5      | Reached XP level 8. HP: 66/74 MP: 10/10
  2453 | D:5      | Reached skill level 5 in Shields
  2493 | D:5      | Reached skill level 6 in Invocations
  2612 | D:5      | Reached skill level 5 in Armour
  2847 | D:6      | Found a snail-covered altar of Cheibriados.
  3006 | D:6      | Found a sparkling altar of Nemelex Xobeh.
  3167 | D:7      | Found a staircase to the Ecumenical Temple.
  3235 | D:7      | Reached skill level 7 in Invocations
  3255 | D:7      | Reached *** piety under Makhleb
  3362 | D:7      | Gained mutation: You passively map the area around you.
                  | [Deep Dwarf growth]
  3362 | D:7      | Reached XP level 9. HP: 59/82 MP: 12/12
  3598 | D:7      | Reached skill level 8 in Invocations
  3756 | D:7      | Found a sand-covered staircase.
  3764 | Ossuary  | Entered an ossuary
  3844 | Ossuary  | Reached **** piety under Makhleb
  4086 | D:7      | Got a distressingly furry buckler
  4097 | D:7      | Identified the +3 buckler of the Failed Coup {Dex+4} (You
                  | found it on level 7 of the Dungeon)
  4449 | D:8      | Found Asurphae's Book Shoppe.
  4640 | D:8      | Noticed Psyche
  4645 | D:8      | Killed Psyche
  4645 | D:8      | Reached skill level 9 in Invocations
  5153 | D:9      | Noticed a troll
  5167 | D:9      | Reached XP level 10. HP: 73/94 MP: 14/14
  5197 | D:9      | Found a staircase to the Lair.
  5274 | D:9      | Noticed a two-headed ogre
  5284 | D:9      | Killed a two-headed ogre
  5284 | D:9      | Reached skill level 10 in Invocations
  5328 | D:9      | Noticed Harold
  5341 | D:9      | Killed Harold
  5398 | D:9      | Found a shimmering blue altar of Sif Muna.
  5532 | D:9      | Found a large runed translucent door.
  5532 | D:9      | Found a large runed translucent door.
  5535 | D:9      | Noticed a manticore
  5568 | D:9      | Killed a manticore
  5938 | D:10     | Entered Level 10 of the Dungeon
  6068 | D:10     | Reached XP level 11. HP: 78/104 MP: 15/15
  6079 | D:10     | Reached skill level 11 in Invocations
  6105 | D:10     | Killed an unseen horror
  6214 | D:10     | Killed an unseen horror
  6342 | D:10     | Reached ***** piety under Makhleb
  6460 | D:10     | Reached skill level 10 in Axes
  6925 | D:11     | Noticed Erolcha
  6941 | D:11     | Killed Erolcha
  7004 | D:11     | Noticed a two-headed ogre
  7019 | D:11     | Killed a two-headed ogre
  7031 | D:11     | Killed an unseen horror
  7031 | D:11     | Reached skill level 12 in Invocations
  7233 | D:11     | Noticed a red ugly thing
  7245 | D:11     | Killed a red ugly thing
  7379 | D:11     | Noticed Sonja
  7575 | D:11     | Reached XP level 12. HP: 111/115 MP: 14/14
  7578 | D:11     | Killed Sonja
  7762 | D:12     | Noticed an eight-headed hydra
  7796 | D:12     | Killed a 12-headed hydra
  7899 | D:12     | Paralysed by a hornet for 3 turns
  7976 | D:12     | Reached skill level 10 in Fighting
  7976 | D:12     | Reached skill level 13 in Invocations
  8209 | D:12     | Found a staircase to the Orcish Mines.
  8482 | D:13     | Noticed an ettin
  8502 | D:13     | Killed an ettin
  8825 | D:13     | Noticed a tengu warrior
  8825 | D:13     | Noticed a tengu warrior
  8834 | D:13     | Killed a tengu warrior
  8850 | D:13     | Killed a tengu warrior
  9034 | D:13     | Got a clouded glass ring
  9345 | D:13     | Identified the ring of the Eight Places {+Fly MR- AC+5
                  | Dex+6} (You found it on level 13 of the Dungeon)
  9428 | Lair:1   | Entered Level 1 of the Lair of Beasts
  9439 | Lair:1   | Noticed a seven-headed hydra
  9450 | Lair:1   | Killed a one-headed hydra
  9680 | Lair:2   | Found a staircase to the Snake Pit.
  9698 | Lair:2   | Reached XP level 13. HP: 114/124 MP: 12/12
  9895 | Lair:2   | Reached skill level 14 in Invocations
  9899 | Lair:2   | Reached ****** piety under Makhleb
  9967 | Lair:2   | Found a staircase to the Swamp.
 10309 | D:14     | Found a portal to a secret trove of treasure.
 10549 | D:14     | Noticed Nessos
 10564 | D:14     | Killed Nessos
 10851 | D:14     | Slain by a white ugly thing

Levels and vault maps discovered:
D:1:      nicolae_arrival_washed_ashore, layout_rooms, serial_glass,
          glass_columns_a, glass_columns_a, minmay_strange_pillars,
          minmay_strange_pillars, due_unseen_surprise
D:2:      minmay_thinvault, layout_basic, bloody_makhleb, uniq_sigmund,
          uniq_crazy_yiuf_cottage
D:3:      layout_rooms, chequers_ecumenical_altar_simple
D:4:      layout_gridville, nicolae_overflow_hidden_temple, serial_shops,
          nicolae_shop_stone, first_ration
D:5:      layout_basic, ebering_ghost_sewer_d, kennysheep_generic_room_4
D:6:      layout_basic, nemelex_altar_shiori, kennysheep_mini,
          minmay_misc_feat_tower
D:7:      layout_loops_ring, minmay_temple_entry_statues,
          nicolae_ossuary_entry_plus, the_bakery,
          hangedman_abyss_or_decor_stagger
D:8:      layout_layer_cave, serial_shops, shop, uniq_psyche
D:9:      layout_cave_pools, led_sif_book, erik_lair_island,
          roderic_serpentine_path, jmf_multi_god_temple2, uniq_harold
D:10:     layout_cave_pods
D:11:     layout_loops_ring, uniq_erolcha, uniq_sonja
D:12:     layout_irregular_city, zombieorc1_lemuel
D:13:     layout_stronghold, david_vaults_4
D:14:     layout_stronghold, enter_trove_1, minmay_misc_feat_chi, uniq_nessos
Lair:1:   layout_regular_city, kennysheep_rathole
Lair:2:   layout_regular_city, palyth_hydra_swamp_entry,
          guppyfry_snake_entry_garden, grunt_forest_large_clearing_hut,
          minmay_lair_oklob_chamber, lemuel_fruit_tree,
          infiniplex_staircase_pool

Skill      XL: |  1  2  3  4  5  6  7  8  9 10 11 12 13 |
---------------+----------------------------------------+-----
Fighting       | 3 4 5 6 7 8 9 10 11 | 11.1
Invocations    | 1 2 3 4 5 7 9 10 12 13 14 | 14.5
Axes           | 3 4 5 6 8 9 10 12 | 12.6
Armour         | 4 5 6 7 8 9 |  9.5
Shields        | 4 5 6 7 8 9 |  9.7

Action                   |  1- 3 |  4- 6 |  7- 9 | 10-12 | 13-15 || total
-------------------------+-------+-------+-------+-------+-------++-------
Melee: War axe           |    54 |   229 |   431 |   691 |   175 ||  1580
Invok: Lesser Servant of |       |       |       |     7 |       ||     7
 Abil: Heal Wounds       |     3 |     5 |       |    29 |     2 ||    39
Evoke: Wand              |       |       |     4 |    10 |     1 ||    15
  Use: Scroll            |       |       |    19 |     9 |     2 ||    30
 Stab: Invisible         |       |     4 |       |       |       ||     4
       Paralysed         |       |       |       |       |     3 ||     3
  Eat: Chunk             |       |     3 |    12 |    13 |     4 ||    32
       Ration            |       |       |     2 |     2 |       ||     4
Armor: Scale mail        |    19 |   102 |   159 |       |       ||   280
       Chain mail        |       |       |    79 |   603 |   127 ||   809
Dodge: Dodged            |    20 |    78 |   122 |   224 |    62 ||   506
Block: Kite shield       |    29 |   156 |   284 |   530 |   121 ||  1120

Table legend:
 A = Non-vault XP
 B = Vault XP
 C = Vault XP percentage of total XP
 D = Non-vault monster count
 E = Vault monster count
 F = Vault count percentage of total count
                 A         B        C        D         E       F
            +---------+---------+-------+---------+---------+-------
      Total |   35834 |   12956 |  26.6 |     336 |      85 |  20.2
            +---------+---------+-------+---------+---------+-------
        D:1 |       6 |       0 |   0.0 |       4 |       0 |   0.0
        D:2 |     159 |     312 |  66.2 |      26 |      16 |  38.1
        D:3 |      79 |       0 |   0.0 |      24 |       0 |   0.0
        D:4 |     553 |       0 |   0.0 |      17 |       0 |   0.0
        D:5 |     553 |      34 |   5.8 |      20 |       1 |   4.8
        D:6 |     320 |       0 |   0.0 |       5 |       0 |   0.0
        D:7 |    1470 |     215 |  12.8 |      36 |       1 |   2.7
        D:8 |     896 |     410 |  31.4 |      10 |       1 |   9.1
        D:9 |    2409 |    2630 |  52.2 |      26 |      12 |  31.6
       D:10 |    3993 |       0 |   0.0 |      36 |       0 |   0.0
       D:11 |    6667 |    1822 |  21.5 |      44 |       2 |   4.3
       D:12 |    5760 |     655 |  10.2 |      24 |      29 |  54.7
       D:13 |    4315 |    2112 |  32.9 |      11 |       3 |  21.4
       D:14 |    4750 |    1399 |  22.8 |      35 |       1 |   2.8
     Lair:1 |    1351 |       0 |   0.0 |       4 |       0 |   0.0
     Lair:2 |    2553 |    3246 |  56.0 |      14 |      10 |  41.7
    Ossuary |       0 |     121 | 100.0 |       0 |       9 | 100.0
            +---------+---------+-------+---------+---------+-------
